Map: Ruby Rock LE

Players

Mythshaker - Winner!

  • Race: Protoss Protoss
  • Spawn Location: 5:00

seemseemo

  • Race: Protoss Protoss
  • Spawn Location: 11:00

VOD

Have the link to the VOD?

Description

Time

  • Played on: Dec. 1, 2025, 12:58 a.m.
  • Length: 7:54
Show
View Real Time Build Order
Export as new Build Order

Mythshaker Protoss - Winner!

Build Orders:  

Get SALT Encoding   

  12  0:10  Pylon  
  12  0:18  Assimilator  
  12  0:34  Gateway  
  12  0:46  Forge  
  12  0:56  Pylon  
  12  1:00  Probe  
  13  1:20  Photon Cannon  
  13  1:34  Cybernetics Core  
  13  1:40  Probe  
  14  1:49  Probe  
  15  1:57  Assimilator  
  15  2:00  Probe  
  16  2:12  Probe  
  16  2:20  Probe  
  18  2:38  Probe, Stargate  
  19  3:10  Nexus  
  19  3:13  Photon Cannon  
  19  3:18  Pylon  
  19  3:23  Assimilator  
  23  3:38  Void Ray  
  23  3:48  Shield Battery  
  23  3:49  Probe  
  24  3:58  Probe  
  25  4:07  Probe  
  25  4:13  Protoss Air Armor Level 1  
  26  4:19  Probe  
  31  4:31  Void Ray  
  31  4:47  Probe  
  36  5:19  Void Ray  
  36  5:43  Stargate  
  40  6:15  Void Ray  
  36  6:49  Void Ray  
  40  6:56  Probe, Void Ray  
  40  7:01  Assimilator  
  45  7:08  Probe  
Show
View Real Time Build Order
Export as new Build Order

seemseemo Protoss 

Build Orders:  

Get SALT Encoding   

  12  0:04  Probe  
  13  0:17  Probe  
  14  0:27  Pylon  
  14  0:29  Probe  
  15  0:41  Pylon  
  15  0:45  Probe  
  15  0:46  Gateway  
  16  0:53  Probe  
  17  1:09  Forge  
  17  1:11  Probe  
  17  1:12  Assimilator  
  18  1:19  Probe  
  19  1:28  Gateway  
  19  1:32  Probe  
  19  1:35  Zealot  
  22  1:44  Probe  
  23  1:53  Cybernetics Core  
  23  2:07  Assimilator  
  23  2:09  Zealot  
  23  2:13  Probe  
  26  2:19  Zealot  
  28  2:23  Probe  
  29  2:31  Probe  
  29  2:34  Protoss Ground Weapons Level 1  
  30  2:39  Probe  
  31  2:52  Warp Gate  
  31  3:05  Probe  
  31  3:06  Twilight Council  
  30  3:23  Stargate  
  30  3:32  Probe  
  31  3:44  Robotics Facility  
  31  4:15  Nexus  
  31  4:54  Nexus  
  31  4:57  Assimilator  
  31  5:01  Assimilator  
  31  5:06  Probe  
  31  5:26  Probe  
  40  5:32  Void Ray  
  40  5:35  Protoss Shields Level 1, Probe  
  40  5:38  Probe  
  42  5:48  Probe  
  39  5:50  Immortal  
  43  5:57  Stalker  
  43  6:00  Probe  
  45  6:11  Stalker  
  45  6:12  Probe  
  42  6:28  Pylon  
  39  6:33  Stalker  
  39  6:34  Stalker  
  39  6:35  Photon Cannon  
  41  6:50  Probe  
  42  7:03  Probe  
  39  7:14  Probe  
  39  7:15  Probe  
  41  7:19  Assimilator  
  41  7:22  Pylon  
  39  7:26  Probe  
  39  7:27  Probe  
  41  7:30  Stalker x2  
  44  7:38  Probe  
Tags
 
Matchup
PvP
Spawn Locations
Cross Positions
Add a new tag
Caveats
  • Supply blocks, unpowered buildings, or Contaminate may cause inaccurate times.
  • Supply counts are checked every 10 seconds.